 Dungeon Crawl Stone Soup version 0.30-a0-626-gd6a5dd7a1f (webtiles) character file.

Game seed: 13682147834422353479

570 bmack86 the Trooper (level 7, 0/63 HPs)
             Began as a Minotaur Fighter on Jan 11, 2023.
             Slain by an orc wizard
             ... wielding a +0 dagger
              (2 damage)
             ... on level 5 of the Dungeon.
             The game lasted 00:10:21 (4086 turns).

bmack86 the Trooper (Minotaur Fighter)              Turns: 4086, Time: 00:10:22

Health: 0/63       AC: 11    Str: 23    XL:     7   Next: 11%
Magic:  6/6        EV:  9    Int:  5    God:
Gold:   192        SH:  4    Dex:  9    Spells: 6/6 levels left

rFire   + + +      SeeInvis .    r - +1 broad axe
rCold   x . .      Faith    .    c - +0 buckler
rNeg    . . .      Spirit   .    a - +0 fire dragon scales
rPois   .          Reflect  .    (helmet restricted)
rElec   .          Harm     .    g - +0 cloak
rCorr   .          Rampage  .    (no gloves)
Will    .....                    (no boots) Stlth
                                 (no amulet)
HPRegen 0.30/turn                o - ring of protection from fire
MPRegen 0.10/turn                (no ring)

@: no status effects
A: horns 2, retaliatory headbutt
a: no special abilities


You were on level 5 of the Dungeon.
You visited 2 branches of the dungeon, and saw 6 of its levels.

You collected 192 gold pieces.

Inventory:

Hand Weapons
 f - a +0 war axe
 r - a +1 broad axe (weapon)
Missiles
 s - 6 javelins (quivered)
 v - a throwing net
Armour
 a - +0 fire dragon scales (worn)
 b - a +0 scale mail
 c - a +0 buckler (worn)
 g - a +0 cloak (worn)
 t - a +0 chain mail
 u - a scarf of shadows
Jewellery
 o - a ring of protection from fire (left hand)
Wands
 n - a wand of light (8)
 q - a wand of paralysis (11)
Scrolls
 e - a scroll of vulnerability
Potions
 d - a potion of might
 h - a potion of curing {unknown}
 i - 2 potions of haste
 k - a potion of lignification {unknown}
 l - 3 potions of heal wounds


   Skills:
 * Level 6.2 Fighting
 * Level 5.5 Axes
 + Level 1.8 Throwing
 + Level 5.0 Armour
 + Level 4.9 Shields


You had 6 spell levels left.
You didn't know any spells.
Your spell library contained the following spells:

 Spells                   Type           Power      Damage    Failure   Level
 Call Canine Familiar     Summ           0%         N/A       99%         3
 Portal Projectile        Hex/Tloc       0%         N/A       99%         3
 Leda's Liquefaction      Hex/Erth       0%         N/A       100%        4


Dungeon Overview and Level Annotations

Branches:
Dungeon (5/15)             Temple (1/1) D:4

Altars:
Ashenzari
Cheibriados
Dithmenos
Elyvilon
Fedhas
Gozag
Hepliaklqana
Kikubaaqudgha
Makhleb
Nemelex Xobeh
Qazlal
Sif Muna
Trog
Uskayaw
Vehumet
Wu Jian
Zin
The Shining One


Innate Abilities, Weirdness & Mutations

You have a pair of horns on your head.
You reflexively headbutt those who attack you in melee.


Message History

* * * LOW HITPOINT WARNING * * *
The orc barely misses you. Something hits you but does no damage.
A magic dart appears from out of thin air!
The magic dart hits you but does no damage.
Something hits you but does no damage.
You're too confused to move!
You feel less confused. Something hits you but does no damage.
You closely miss the orc priest.
The orc priest is moderately wounded.
You hit something. You barely miss something.
The orc priest mumbles some strange prayers to Beogh against you.
Pain shoots through your body!
* * * LOW HITPOINT WARNING * * *
You block something's attack.
You barely miss the orc priest.
You headbutt the orc priest, but do no damage.
The orc priest is moderately wounded.
You barely miss something. You hit something. You slash the orc!
You kill the orc!
Something hits you but does no damage.
The orc priest mumbles some strange prayers to Beogh against you.
You struggle to resist.
Something hits you but does no damage. Something hits you.
* * * LOW HITPOINT WARNING * * *
Something hits you but does no damage. You block the orc priest's attack.
You barely miss the orc priest.
You headbutt the orc priest, but do no damage.
The orc priest is moderately wounded.
You barely miss something. You miss something. Something hits you.
* * * LOW HITPOINT WARNING * * *
The orc priest hits you with a +0 club.
* * * LOW HITPOINT WARNING * * *
You hear some strange, mumbled words.
Something tries to affect you, but you resist.
You barely miss the orc priest. You headbutt the orc priest.
The orc priest is moderately wounded.
You barely miss something. x2; Something hits you.
You die...

##. ##. ####..
.#.. #.....#
###....
###.....#.#.....
..............
............ ...
..........# ....
.......o@.##....
.....>.{{)......
...............#
##....)....#...
#.....))...#.##.#
######.###...##..
#...........
##..........
#........)......


You could see an orc priest.

Vanquished Creatures
  Menkaure (D:4)
  A bullfrog (D:4)
  A gnoll sergeant (D:5)
  A hound (D:3)
  Terence (D:2)
  Natasha (thrice) (D:2)
  9 gnolls
  3 adders (D:3)
  2 worms (D:3)
  2 dart slugs
  8 orcs
  7 ball pythons
  4 endoplasms (D:1)
  4 giant cockroaches
  4 hobgoblins
  10 kobolds
  2 quokkas
  6 bats
  4 frilled lizards
  4 goblins
  A rat (D:3)
78 creatures vanquished.

Vanquished Creatures (others)
  16 plants (D:4)
16 creatures vanquished.

Grand Total: 94 creatures vanquished

Notes
Turn   | Place    | Note
-------+----------+-------------------------------------------
     0 | D:1      | bmack86 the Minotaur Fighter began the quest for the Orb.
     0 | D:1      | Reached XP level 1. HP: 19/19 MP: 0/0
   268 | D:1      | Reached XP level 2. HP: 27/27 MP: 1/1
   307 | D:1      | Reached skill level 4 in Fighting
   859 | D:2      | Found a faded altar of an unknown god.
   881 | D:2      | Noticed Natasha
   886 | D:2      | Killed Natasha
   887 | D:2      | Reached XP level 3. HP: 26/34 MP: 2/2
   986 | D:2      | Noticed Terence
   993 | D:2      | Killed Terence
   994 | D:2      | Reached XP level 4. HP: 25/41 MP: 3/3
  1047 | D:2      | Noticed Natasha
  1054 | D:2      | Killed Natasha
  1215 | D:2      | Noticed Natasha
  1230 | D:2      | Killed Natasha
  1231 | D:2      | Reached skill level 5 in Fighting
  2045 | D:3      | Reached XP level 5. HP: 43/48 MP: 4/4
  2127 | D:3      | Found a broken altar of Ashenzari.
  2350 | D:3      | Found an ornate altar of the Wu Jian Council.
  2353 | D:3      | Found a glowing silver altar of Zin.
  2358 | D:3      | Found a shimmering blue altar of Sif Muna.
  2886 | D:4      | Found a staircase to the Ecumenical Temple.
  2892 | D:4      | Found a white marble altar of Elyvilon.
  2907 | Temple   | Entered the Ecumenical Temple
  3147 | D:4      | Found an ancient bone altar of Kikubaaqudgha.
  3259 | D:4      | Found a sparkling altar of Nemelex Xobeh.
  3586 | D:4      | Noticed Menkaure
  3591 | D:4      | Killed Menkaure
  3592 | D:4      | Reached skill level 5 in Axes
  3592 | D:4      | Reached skill level 1 in Throwing
  3592 | D:4      | Reached XP level 6. HP: 30/57 MP: 5/5
  3779 | D:4      | Found a shadowy altar of Dithmenos.
  3928 | D:4      | Reached skill level 6 in Fighting
  4030 | D:5      | Entered Level 5 of the Dungeon
  4068 | D:5      | Reached skill level 5 in Armour
  4068 | D:5      | Reached XP level 7. HP: 33/63 MP: 6/6
  4085 | D:5      | HP: 1/63 [orc priest/+0 club (4)]
  4086 | D:5      | Slain by an orc wizard

Illustrated notes

Levels and vault maps discovered:
D:1:      scummos_arrival_hexagon, layout_basic, minmay_misc_feat_hallway,
          chequers_serial_rivers_small_b
D:2:      layout_loops_corners, chequers_ecumenical_altar_island,
          kennysheep_generic_room_15, uniq_natasha, uniq_terence
D:3:      layout_loops_ring, grunt_temple_overflow_diamond,
          mainiacjoe_overflow_boulevard, chequers_serial_rivers_micro_c
D:4:      layout_loops_cross, mainiacjoe_overflow_paths,
          nemelex_diamond_rough_becter, nicolae_dithmenos_the_darkroom,
          mainiacjoe_overflow_tiny_flanked, minmay_temple_entry_grid,
          serial_bayou, serial_bayou_lake_a, serial_bayou_lagoon_a,
          chequers_mini_garden, uniq_menkaure
D:5:      minmay_chambers_of_fours, layout_cave_pools, kennysheep_cross_room,
          st_stairs_14
Temple:   chequers_temple_sunken

Skill      XL: |  1  2  3  4  5  6 |
---------------+-------------------+-----
Fighting       | 4 5 6 |  6.2
Axes           | 3 4 5 |  5.5
Armour         | 4 5 |  5.0
Shields        | 4 |  4.9
Throwing       | 1 |  1.8

Action                   |  1- 3 |  4- 6 |  7- 9 || total
-------------------------+-------+-------+-------++-------
Melee: War axe           |    45 |    51 |       ||    96
       Headbutt          |     8 |    15 |     4 ||    27
       Broad axe         |       |    59 |    13 ||    72
Throw: Javelin           |       |     3 |       ||     3
  Use: Scroll            |     2 |    10 |       ||    12
       Potion            |       |     1 |       ||     1
Armor: Scale mail        |    18 |    22 |       ||    40
       Chain mail        |       |    29 |       ||    29
       Fire dragon scale |       |    21 |    18 ||    39
Dodge: Dodged            |    21 |    60 |     4 ||    85
Block: Buckler           |     7 |    42 |     4 ||    53

Table legend: (Time is in decaauts)
 A = Elapsed time spent in this place.
 B = Non-inter-level travel time spent in this place.
 C = Inter-level travel time spent in this place.
 D = Time resting spent in this place.
 E = Time spent auto-exploring this place.
 F = Levels seen in this place.
 G = Mean time per level.
                   A        B        C        D        E       F      G
               +--------+--------+--------+--------+--------+-----+--------+
         Total |   4263 |   4045 |    218 |      0 |   3000 |   6 |  710.5 |
       Dungeon |   3984 |   3797 |    187 |      0 |   2789 |   5 |  796.8 |
        Temple |    279 |    248 |     31 |      0 |    210 |   1 |  279.0 |
               +--------+--------+--------+--------+--------+-----+--------+

Top non-repeatable levels by time:
     D:2: 1348 daAuts
     D:4: 987 daAuts
     D:3: 855 daAuts
     D:1: 731 daAuts
  Temple: 279 daAuts
     D:5: 61 daAuts
